MWL (24 & UNDER)
MINNESOTA DEATH STARS @ CINCINNATI PRIDE
09/05/2027
 
TOP OF THE 1ST
Minnesota Death Stars batting - Pitching for Cincinnati Pride : RHP Roberto Cordero
Pitching: RHP Roberto Cordero
Batting: RHB William Robinson 0-0: Called Strike
0-1: Ground out 3-1 (Groundball, 34)
Batting: RHB Mike Wagner 0-0: Ball
1-0: Foul Ball, location: 2F
1-1: Called Strike
1-2: Ball
2-2: Ground out 6-3 (Groundball, 6S)
Batting: RHB Gabriel Ángel 0-0: Foul Ball, location: 2F
0-1: Foul Ball, location: 2F
0-2: Strikes out looking
Top of the 1st over - 0 run(s), 0 hit(s), 0 error(s), 0 left on base; Minnesota 0 - Cincinnati 0
BOTTOM OF THE 1ST
Cincinnati Pride batting - Pitching for Minnesota Death Stars : RHP Arthur Melton
Pitching: RHP Arthur Melton
Batting: RHB Gary Miller 0-0: Ball
1-0: Bunted foul
1-1: Fly out, F6 (Popup, 6)
Batting: RHB Jorge Flores 0-0: SINGLE (Line Drive, 8RM)
Batting: LHB Gabriel Aragón 0-0: Ball
1-0: Foul Ball, location: 2F
1-1: Ball
2-1: Swinging Strike
2-2: Strikes out swinging
Batting: RHB Tony Long 0-0: Ball
1-0: Ball
2-0: Foul Ball, location: 2F
2-1: Ball
3-1: Foul Ball, location: 2F
3-2: Base on Balls
Jorge Flores to second
Batting: LHB Wes Thompson 0-0: Foul Ball, location: 2F
0-1: SINGLE (Flyball, 8LS)
Jorge Flores to third
Tony Long to second
Runner from 3rd tries for Home, SAFE, throw made home
Batting: LHB Iván Vázquez 0-0: Foul Ball, location: 2F
0-1: Ball
1-1: Fly out, F4 (Line Drive, 4)
Bottom of the 1st over - 1 run(s), 2 hit(s), 0 error(s), 2 left on base; Minnesota 0 - Cincinnati 1
TOP OF THE 2ND
Minnesota Death Stars batting - Pitching for Cincinnati Pride : RHP Roberto Cordero
Batting: RHB Christian Moss 0-0: Ball
1-0: Swinging Strike
1-1: Ball
2-1: Ball
3-1: Ground out 5-3 (Groundball, 56S)
Batting: RHB Raúl Flores 0-0: Ball
1-0: Ball
2-0: Ball
3-0: Called Strike
3-1: Ground out 4-3 (Groundball, 4)
Batting: LHB Shannon Hunter 0-0: Ball
1-0: Called Strike
1-1: Foul Ball, location: 2F
1-2: Ball
2-2: Strikes out looking
Top of the 2nd over - 0 run(s), 0 hit(s), 0 error(s), 0 left on base; Minnesota 0 - Cincinnati 1
BOTTOM OF THE 2ND
Cincinnati Pride batting - Pitching for Minnesota Death Stars : RHP Arthur Melton
Batting: RHB Keith Sheehan 0-0: Ball
1-0: Ball
2-0: Swinging Strike
2-1: Foul Ball, location: 2F
2-2: Foul Ball, location: 2F
2-2: Ball
3-2: Strikes out swinging
Batting: RHB Pete Woods 0-0: Called Strike
0-1: Swinging Strike
0-2: Strikes out swinging
Batting: RHB Dave Crawford 0-0: Called Strike
0-1: Ball
1-1: Ball
2-1: Swinging Strike
2-2: Ground out 6-3 (Groundball, 6)
Bottom of the 2nd over - 0 run(s), 0 hit(s), 0 error(s), 0 left on base; Minnesota 0 - Cincinnati 1
TOP OF THE 3RD
Minnesota Death Stars batting - Pitching for Cincinnati Pride : RHP Roberto Cordero
Batting: LHB Matt Ruskin 0-0: Foul Ball, location: 2F
0-1: Ball
1-1: Ball
2-1: Bunted foul
2-2: Ball
3-2: Ground out 1-3 (Groundball, P)
Batting: LHB Júlio Córdova 0-0: Ball
1-0: Ball
2-0: SINGLE (Flyball, 8RS)
Batting: RHB Vaughan Tillman 0-0: Ball
Wild Pitch!
Júlio Córdova to second
1-0: Ball
2-0: Foul Ball, location: 2F
2-1: Foul Ball, location: 2F
2-2: Ball
3-2: Strikes out looking
Batting: RHB William Robinson 0-0: Called Strike
0-1: Ball
1-1: Ball
2-1: Foul Ball, location: 2F
2-2: Strikes out swinging
Top of the 3rd over - 0 run(s), 1 hit(s), 0 error(s), 1 left on base; Minnesota 0 - Cincinnati 1
BOTTOM OF THE 3RD
Cincinnati Pride batting - Pitching for Minnesota Death Stars : RHP Arthur Melton
Batting: RHB Gary Miller 0-0: Ball
1-0: Ball
2-0: Called Strike
2-1: Foul Ball, location: 2F
2-2: Ball
3-2: Base on Balls
Batting: RHB Jorge Flores 0-0: Ball
1-0: Called Strike
1-1: Ball
2-1: Ball
3-1: Fly out, F8 (Flyball, 8RD)
Batting: LHB Gabriel Aragón 0-0: Ball
1-0: Foul Ball, location: 2F
1-1: Called Strike
1-2: Foul Ball, location: 2F
1-2: Ball
2-2: Ball
3-2: Foul Ball, location: 2F
3-2: Base on Balls
Gary Miller to second
Batting: RHB Tony Long 0-0: Swinging Strike
0-1: Ball
1-1: Ball
2-1: Called Strike
2-2: Strikes out swinging
Batting: LHB Wes Thompson 0-0: Called Strike
0-1: Ball
1-1: Hit by Pitch
Gary Miller to third
Gabriel Aragón to second
Batting: LHB Iván Vázquez 0-0: SINGLE (Line Drive, 89M)
Gary Miller scores
Gabriel Aragón to third
Wes Thompson to second
Runner from 3rd tries for Home, SAFE, throw made home
Batting: RHB Keith Sheehan 0-0: Foul Ball, location: 2F
0-1: Ball
1-1: Ball
2-1: Foul Ball, location: 2F
2-2: Strikes out swinging
Bottom of the 3rd over - 2 run(s), 1 hit(s), 0 error(s), 2 left on base; Minnesota 0 - Cincinnati 3
TOP OF THE 4TH
Minnesota Death Stars batting - Pitching for Cincinnati Pride : RHP Roberto Cordero
Batting: RHB Mike Wagner 0-0: Ball
1-0: Called Strike
1-1: Ball
2-1: DOUBLE (Line Drive, 78M)
Batting: RHB Gabriel Ángel 0-0: Ball
1-0: Fly out, F3 (Line Drive, 34S)
Batting: RHB Christian Moss 0-0: Called Strike
0-1: Ground out 5-3 (Groundball, 56S)
Mike Wagner to third
Batting: RHB Raúl Flores 0-0: Called Strike
0-1: Ball
1-1: Fly out, F8 (Flyball, 8RM)
Top of the 4th over - 0 run(s), 1 hit(s), 0 error(s), 1 left on base; Minnesota 0 - Cincinnati 3
BOTTOM OF THE 4TH
Cincinnati Pride batting - Pitching for Minnesota Death Stars : RHP Arthur Melton
Batting: RHB Pete Woods 0-0: Called Strike
0-1: Called Strike
0-2: Strikes out swinging
Batting: RHB Dave Crawford 0-0: Called Strike
0-1: Foul Ball, location: 2F
0-2: Ball
1-2: Foul Ball, location: 2F
1-2: Ball
2-2: SINGLE (Groundball, 6D)
Batting: RHB Gary Miller 0-0: Ball
1-0: Ball
2-0: Foul Ball, location: 2F
2-1: Ball
3-1: DOUBLE (Flyball, 78XD)
Dave Crawford to third
Batting: RHB Jorge Flores 0-0: Swinging Strike
0-1: Ball
1-1: Called Strike
1-2: Ball
2-2: Ground out 4-3 (Groundball, 4)
Dave Crawford scores
Gary Miller to third
Pitching: RHP Luis García
Batting: LHB Gabriel Aragón 0-0: Fly out, F4 (Line Drive, 4)
Bottom of the 4th over - 1 run(s), 2 hit(s), 0 error(s), 1 left on base; Minnesota 0 - Cincinnati 4
TOP OF THE 5TH
Minnesota Death Stars batting - Pitching for Cincinnati Pride : RHP Roberto Cordero
Batting: LHB Shannon Hunter 0-0: Foul Ball, location: 2F
0-1: Foul Ball, location: 2F
0-2: Strikes out swinging
Batting: LHB Matt Ruskin 0-0: Foul Ball, location: 2F
0-1: Foul Ball, location: 2F
0-2: SINGLE (Groundball, 3D)
Batting: LHB Júlio Córdova 0-0: Called Strike
0-1: Swinging Strike
0-2: Ball
1-2: Strikes out swinging
Batting: RHB Vaughan Tillman 0-0: Called Strike
0-1: Ball
1-1: Called Strike
1-2: Foul Ball, location: 2F
Pickoff Throw to First - Out!
Top of the 5th over - 0 run(s), 1 hit(s), 0 error(s), 0 left on base; Minnesota 0 - Cincinnati 4
BOTTOM OF THE 5TH
Cincinnati Pride batting - Pitching for Minnesota Death Stars : RHP Luis García
Batting: RHB Tony Long 0-0: Ball
1-0: Fly out, F9 (Flyball, 9)
Batting: LHB Wes Thompson 0-0: Foul Ball, location: 2F
0-1: Ball
1-1: Fly out, F7 (Flyball, 7LS)
Batting: LHB Iván Vázquez 0-0: SINGLE (Groundball, 4MD)
Batting: RHB Keith Sheehan 0-0: Foul Ball, location: 2F
0-1: Ball
1-1: Foul Ball, location: 2F
1-2: Ball
2-2: Ball
3-2: Foul Ball, location: 2F
3-2: Foul Ball, location: 2F
3-2: Base on Balls
Iván Vázquez to second
Batting: RHB Pete Woods 0-0: Called Strike
0-1: Ball
1-1: Foul Ball, location: 2F
1-2: Strikes out swinging
Bottom of the 5th over - 0 run(s), 1 hit(s), 0 error(s), 2 left on base; Minnesota 0 - Cincinnati 4
TOP OF THE 6TH
Minnesota Death Stars batting - Pitching for Cincinnati Pride : RHP Roberto Cordero
Batting: RHB Vaughan Tillman 0-0: Called Strike
0-1: Foul Ball, location: 2F
0-2: Strikes out swinging
Batting: RHB William Robinson 0-0: Ball
1-0: Ball
2-0: Called Strike
2-1: Ball
3-1: Called Strike
3-2: Ground out 6-3 (Groundball, 6M)
Batting: RHB Mike Wagner 0-0: Ball
1-0: Ball
2-0: Foul Ball, location: 2F
2-1: Called Strike
2-2: Strikes out looking
Top of the 6th over - 0 run(s), 0 hit(s), 0 error(s), 0 left on base; Minnesota 0 - Cincinnati 4
BOTTOM OF THE 6TH
Cincinnati Pride batting - Pitching for Minnesota Death Stars : RHP Luis García
Batting: RHB Dave Crawford 0-0: Called Strike
0-1: Fly out, F9 (Flyball, 89S)
Batting: RHB Gary Miller 0-0: Foul Ball, location: 2F
0-1: Ball
1-1: Ground out 5-3 (Groundball, 5S)
Batting: RHB Jorge Flores 0-0: Swinging Strike
0-1: Ball
1-1: Foul Ball, location: 2F
1-2: Ball
2-2: Ball
3-2: Ground out 6-3 (Groundball, 6)
Bottom of the 6th over - 0 run(s), 0 hit(s), 0 error(s), 0 left on base; Minnesota 0 - Cincinnati 4
TOP OF THE 7TH
Minnesota Death Stars batting - Pitching for Cincinnati Pride : RHP Roberto Cordero
Batting: RHB Gabriel Ángel 0-0: Ball
1-0: Called Strike
1-1: Ball
2-1: Ball
3-1: Called Strike
3-2: Strikes out swinging
Pitching: LHP José Reyes
Batting: RHB Christian Moss 0-0: SINGLE (Line Drive, 8RS)
Batting: RHB Raúl Flores 0-0: Called Strike
0-1: SINGLE (Groundball, 6MD)
Christian Moss to second
Batting: LHB Shannon Hunter 0-0: Ground out 3-1 (Groundball, 34S)
Christian Moss to third
Raúl Flores to second
Batting: LHB Matt Ruskin 0-0: Swinging Strike
0-1: Ball
1-1: Ball
2-1: Called Strike
2-2: Strikes out swinging
Top of the 7th over - 0 run(s), 2 hit(s), 0 error(s), 2 left on base; Minnesota 0 - Cincinnati 4
BOTTOM OF THE 7TH
Cincinnati Pride batting - Pitching for Minnesota Death Stars : RHP Luis García
Batting: LHB Gabriel Aragón 0-0: Called Strike
0-1: Ball
1-1: Ground out U3 (Groundball, 3L)
Batting: RHB Tony Long 0-0: Ball
1-0: Called Strike
1-1: Foul Ball, location: 2F
1-2: Ball
2-2: Hit by Pitch
Batting: LHB Wes Thompson 0-0: Swinging Strike
0-1: Foul Ball, location: 2F
0-2: Grounds into double play, 5-4-3 (Groundball, 5)
Bottom of the 7th over - 0 run(s), 0 hit(s), 0 error(s), 0 left on base; Minnesota 0 - Cincinnati 4
TOP OF THE 8TH
Minnesota Death Stars batting - Pitching for Cincinnati Pride : LHP José Reyes
Batting: LHB Júlio Córdova 0-0: Foul Ball, location: 2F
0-1: Foul Ball, location: 2F
0-2: Ground out 1-3 (Groundball, 15S)
Batting: RHB Vaughan Tillman 0-0: Ball
1-0: Ball
2-0: Foul Ball, location: 2F
2-1: Called Strike
2-2: Foul Ball, location: 2F
2-2: Fly out, F8 (Flyball, 8LM)
Batting: RHB William Robinson 0-0: Foul Ball, location: 2F
0-1: DOUBLE (Line Drive, 7LS)
Batting: RHB Mike Wagner 0-0: Ground out 6-3 (Groundball, 6)
Top of the 8th over - 0 run(s), 1 hit(s), 0 error(s), 1 left on base; Minnesota 0 - Cincinnati 4
BOTTOM OF THE 8TH
Cincinnati Pride batting - Pitching for Minnesota Death Stars : RHP Luis García
Batting: LHB Iván Vázquez 0-0: Ball
1-0: Ball
2-0: Called Strike
2-1: Foul Ball, location: 2F
2-2: SINGLE (Line Drive, 7S)
Batting: RHB Keith Sheehan 0-0: Ball
1-0: Bunted foul
1-1: Reached on error, E1 (Groundball, 13)
Iván Vázquez to second
Batting: RHB Pete Woods 0-0: Ball
1-0: Foul Ball, location: 2F
1-1: Foul Ball, location: 2F
1-2: Strikes out swinging
Batting: RHB Dave Crawford 0-0: Ball
1-0: Called Strike
1-1: Grounds into double play, 6-4-3 (Groundball, 6)
Bottom of the 8th over - 0 run(s), 1 hit(s), 1 error(s), 1 left on base; Minnesota 0 - Cincinnati 4
TOP OF THE 9TH
Minnesota Death Stars batting - Pitching for Cincinnati Pride : LHP José Reyes
Batting: RHB Gabriel Ángel 0-0: Ball
1-0: Foul Ball, location: 2F
1-1: Ball
2-1: Foul Ball, location: 2F
2-2: SINGLE (Groundball, 34D)
Batting: RHB Christian Moss 0-0: Foul Ball, location: 2F
0-1: Called Strike
0-2: Foul Ball, location: 2F
0-2: Strikes out looking
Batting: RHB Raúl Flores 0-0: SINGLE (Line Drive, 9S)
Gabriel Ángel to second
Pitching: RHP Lyle Scalise
Batting: LHB Shannon Hunter 0-0: Swinging Strike
0-1: Fly out, F8 (Flyball, 8LM)
Batting: LHB Matt Ruskin 0-0: Ball
1-0: Ball
2-0: Ball
3-0: Called Strike
3-1: Base on Balls
Gabriel Ángel to third
Raúl Flores to second
Batting: LHB Júlio Córdova 0-0: Called Strike
0-1: Ball
1-1: Swinging Strike
1-2: Strikes out looking
Top of the 9th over - 0 run(s), 2 hit(s), 0 error(s), 3 left on base; Minnesota 0 - Cincinnati 4
Thursday, March 30th, 2017 - OOTP Baseball 17.12 Build 75